 Dungeon Crawl Stone Soup version 0.30-a0-830-gfe289a77b0 (webtiles) character file.

Game seed: 8245335941321962957

1375 Aneyh the Fighter (level 8, -5/55 HPs)
             Began as a Tengu Monk on Feb 27, 2023.
             Slain by an iguana (10 damage)
             ... on level 6 of the Dungeon on Feb 28, 2023.
             The game lasted 00:15:14 (6552 turns).

Aneyh the Fighter (Tengu Monk)                      Turns: 6552, Time: 00:15:15

Health: -5/55      AC:  3    Str: 13    XL:     8   Next: 66%
Magic:  9/9        EV: 16    Int: 11    God:
Gold:   213        SH:  0    Dex: 17    Spells: 7/7 levels left

rFire   . . .      SeeInvis .    a - +5 great sword
rCold   . . .      Faith    .    (shield currently unavailable)
rNeg    + . .      Spirit   .    B - +1 robe {rN+}
rPois   .          Reflect  .    (helmet restricted)
rElec   .          Harm     .    (no cloak)
rCorr   +          Rampage  .    (no gloves)
Will    .....                    (boots unavailable)
Stlth   ++                       (no amulet)
HPRegen 0.29/turn                s - ring of resist corrosion
MPRegen 0.11/turn                (no ring)

@: marked, flying quickly and evasively, quick
A: beak, talons 3, nimble flight
a: no special abilities


You were on level 6 of the Dungeon.
You visited 2 branches of the dungeon, and saw 7 of its levels.

You collected 213 gold pieces.

Inventory:

Hand Weapons
 a - a +5 great sword (weapon)
 b - a +0 dagger of electrocution
 m - a +0 sling
 v - a +1 whip of electrocution
 y - a +0 spear
 A - a +1 dagger of freezing
 C - a +0 scimitar
 D - a +2 falchion
 E - a +0 great sword
Missiles
 n - 12 poisoned darts (quivered)
Armour
 i - a +0 robe
 w - a +0 leather armour
 B - a +1 robe of positive energy (worn)
Jewellery
 s - a ring of resist corrosion (left hand)
 t - a ring of flight
Scrolls
 c - 2 scrolls of blinking
 e - 4 scrolls of immolation
 f - a scroll of identify
 k - a scroll of noise {unknown}
 p - 2 scrolls of poison {unknown}
 q - a scroll of fear
 r - a scroll of teleportation {unknown}
 x - a scroll of fog {unknown}
Potions
 d - a potion of berserk rage {unknown}
 h - 2 potions of mutation {unknown}
 j - a potion of curing
 l - a potion of heal wounds {unknown}
 o - 2 potions of invisibility {unknown}
 u - a potion of magic {unknown}
 z - a potion of resistance {unknown}


   Skills:
 + Level 8.3 Fighting
 * Level 6.6 Long Blades
 - Level 3.6 Polearms
 - Level 4.0 Dodging
 - Level 2.3 Stealth


You had 7 spell levels left.
You didn't know any spells.
Your spell library contained the following spells:

 Spells                   Type           Power      Damage    Failure   Level
 Apportation              Tloc           0%         N/A       34%         1
 Freeze                   Ice            0%         1d3       34%         1
 Necrotise                Necr           0%         1d4       34%         1
 Summon Small Mammal      Summ           0%         N/A       34%         1
 Frozen Ramparts          Ice            0%         1d1       71%         3
 Hailstorm                Conj/Ice       0%         3d3       71%         3
 Chain Lightning          Conj/Air       0%         N/A       100%        9
 Fire Storm               Conj/Fire      0%         5d1       100%        9
 Shatter                  Erth           0%         3d5*      100%        9


Dungeon Overview and Level Annotations

Branches:
Dungeon (6/15)             Temple (1/1) D:5

Altars:
Ashenzari
Cheibriados
Dithmenos
Elyvilon
Fedhas
Gozag
Kikubaaqudgha
Nemelex Xobeh
Qazlal
Ru
Sif Muna
Trog
Vehumet
Wu Jian
The Shining One

Shops:
D:1 :   D:4 :

Annotations:
D:3 exclusion: oklob plant
D:4 Pikel
D:6 3 runed translucent doors


Innate Abilities, Weirdness & Mutations

You have a beak for a mouth.
You have claws for feet.
Your magical nature lets you fly swiftly and evasively.


Message History

The ice beast is heavily wounded.
The hound stops to sniff the ground.
The ice beast closely misses you.
The ice beast hits you but does no damage.
You barely miss the ice beast. You peck the ice beast.
The ice beast is heavily wounded.
The ice beast hits you but does no damage.
A white imp comes into view.
You slash the ice beast! Your peck misses the ice beast.
The ice beast is almost dead.
The hound completely misses you. The ice beast hits you.
The ice beast freezes you! The hound barely misses you.
You completely miss the ice beast.
You peck the ice beast, but do no damage.
The ice beast is almost dead.
The hound misses you. The ice beast closely misses you.
The white imp gestures at you. The puff of frost hits you!
The hound bites you but does no damage.
An ufetubus comes into view.
The white imp shouts, "Away with thee, thou foisting beak-witted bugbear!"
The ice beast hits you but does no damage.
You completely miss the ice beast. Your kick misses the ice beast.
The ice beast is almost dead.
The hound barely misses you. The hound closely misses you.
The ice beast hits you but does no damage.
You barely miss the ice beast.
The ice beast is almost dead.
The hound closely misses you. The ice beast hits you.
The ice beast freezes you!
* * * LOW HITPOINT WARNING * * *
The hound misses you.
Okay, then.
Blink to where?
Press: ? - help, Dir - move target
As you read the scroll of blinking, it crumbles to dust.
A scorpion comes into view.
You closely miss the ice beast. Your peck misses the ice beast.
The ice beast is almost dead.
The ice beast closely misses you. The iguana bites you!
You die...

## .## ## ..# ..## ..
....##. #....#.##########
#...#..g.......#
#...+.5#######.####### #
#...+..# #hY@l5....s...##.
#...+.§###†###.######..#.#
#....#....5.5...# ##....#
#....#..###.##.######.....#
....##.$# #.##.#...Y.......
...# ...# #.##..h##.#.##.#
# .## ..#.#
#....#.##.#.##.###.# .##.#
####...##.g........ #. #.#
#...##.#s#Y##.###


You could see an ice beast, a scorpion, an iguana, a hound, a white imp and an
ufetubus.

Vanquished Creatures
  Menkaure (D:4)
  A black bear (D:6)
  A centaur (D:6)
  3 lemures
  A necrophage (D:5)
  4 scorpions
  4 wights (D:4)
  A human zombie (D:4)
  A jelly (D:5)
  2 hounds (D:4)
  2 iguanas
  Jessica (D:3)
  Natasha (thrice) (D:3)
  2 scorpion zombies (D:4)
  2 mummies (D:4)
  A howler monkey zombie (D:4)
  5 adders
  5 gnolls (D:3)
  A shadow imp (D:5)
  A white imp (D:5)
  2 ufetubi
  An adder zombie (D:4)
  3 dart slugs
  An orc (D:3)
  11 endoplasms
  6 giant cockroaches
  10 goblins
  9 hobgoblins
  4 jackals
  3 quokkas
  7 ball pythons
  6 bats
  4 frilled lizards
  7 kobolds
  A quokka zombie (D:4)
  9 rats
126 creatures vanquished.

Vanquished Creatures (others)
  A plant (D:2)
1 creature vanquished.

Grand Total: 127 creatures vanquished

Notes
Turn   | Place    | Note
-------+----------+-------------------------------------------
     0 | D:1      | Aneyh the Tengu Monk began the quest for the Orb.
     0 | D:1      | Reached XP level 1. HP: 14/14 MP: 2/2
   159 | D:1      | Found Itodefil's Vocational Training.
   300 | D:1      | Reached XP level 2. HP: 19/19 MP: 3/3
   313 | D:1      | Found a faded altar of an unknown god.
   754 | D:1      | Reached XP level 3. HP: 19/23 MP: 4/4
  1802 | D:3      | Found a sparkling altar of Nemelex Xobeh.
  1819 | D:3      | Reached XP level 4. HP: 29/29 MP: 5/5
  1867 | D:3      | Reached skill level 4 in Fighting
  2103 | D:3      | Noticed Natasha
  2108 | D:3      | Killed Natasha
  2188 | D:3      | Gained mutation: Your magical nature lets you fly swiftly
                  | and evasively. [Tengu growth]
  2188 | D:3      | Reached XP level 5. HP: 21/34 MP: 6/6
  2214 | D:3      | Noticed Natasha
  2624 | D:3      | Killed Natasha
  2625 | D:3      | Reached skill level 5 in Fighting
  2750 | D:3      | Noticed Natasha
  2762 | D:3      | Killed Natasha
  2911 | D:3      | Found a bloodstained altar of Trog.
  3001 | D:3      | Reached XP level 6. HP: 38/41 MP: 7/7
  3023 | D:3      | Found a blossoming altar of Fedhas.
  3037 | D:3      | Noticed an oklob plant
  3276 | D:3      | Noticed Jessica
  3282 | D:3      | Found a shimmering blue altar of Sif Muna.
  3283 | D:3      | Killed Jessica
  3284 | D:3      | Reached skill level 6 in Fighting
  3468 | D:3      | Upgraded the game from 0.30-a0-808-g6e0788376e to
                  | 0.30-a0-830-gfe289a77b0
  3469 | D:4      | Noticed Pikel
  3679 | D:5      | Entered Level 5 of the Dungeon
  3822 | D:4      | Found Pechi's Tremendous Tomes.
  3990 | D:4      | Noticed Menkaure
  4009 | D:4      | Killed Menkaure
  4010 | D:4      | Reached XP level 7. HP: 6/47 MP: 8/8
  4490 | D:4      | Reached skill level 7 in Fighting
  4804 | D:4      | HP: 2/45 [wight/+2 falchion (11)]
  5293 | D:4      | Found an ancient bone altar of Kikubaaqudgha.
  5655 | D:4      | Reached XP level 8. HP: 51/54 MP: 9/9
  5736 | D:5      | Reached skill level 8 in Fighting
  5864 | D:5      | Reached skill level 5 in Long Blades
  6092 | D:5      | Found a staircase to the Ecumenical Temple.
  6114 | Temple   | Entered the Ecumenical Temple
  6448 | D:6      | Found a runed translucent gate.
  6530 | D:6      | Found a runed translucent gate.
  6532 | D:6      | Found a runed translucent gate.
  6552 | D:6      | Slain by an iguana

Illustrated notes

Levels and vault maps discovered:
D:1:      dpeg_arrival_snail, layout_basic, hellmonk_ecumenical_altar_blasted,
          serial_corexii_hall, corexii_hall_statues_u,
          chequers_hall_statues_wall_a, nicolae_shop_vocational
D:2:      layout_loops_ring, serial_bayou_lagoon_b
D:3:      layout_loops_ring, tgw_sif, mainiacjoe_overflow_surrounded_room,
          tgw_fedhas, trog_hazing_becter, nicolae_titane, uniq_natasha
D:4:      layout_basic, lemuel_mausoleum_altar_kikubaaqudgha, st_stairs_1,
          nicolae_shop_i_like_big_books, due_unseen_surprise, uniq_pikel,
          uniq_menkaure
D:5:      layout_cave_pools, minmay_temple_entry_water_ring, grunt_ministairs_7
D:6:      layout_loops_corners, lemuel_crystal_altar, gammafunk_ghost_icy,
          serial_shops, shop_statue, minmay_diced_spiral
Temple:   hellmonk_temple_rainy

Skill      XL: |  1  2  3  4  5  6  7  8 |
---------------+-------------------------+-----
Dodging        | 4 |  4.0
Fighting       | 4 5 6 7 8 |  8.3
Long Blades    | 2 4 6 |  6.6
Polearms       | |  3.6
Stealth        | |  2.3

Action                     |  1- 3 |  4- 6 |  7- 9 || total
---------------------------+-------+-------+-------++-------
  Melee: Spear             |    98 |    28 |       ||   126
         Kick              |    17 |    50 |    39 ||   106
         Peck              |     8 |    22 |    28 ||    58
         Dagger            |       |   135 |    65 ||   200
         Great sword       |       |       |    55 ||    55
         Punch             |       |       |     1 ||     1
    Use: Potion            |       |     1 |     1 ||     2
         Scroll            |       |       |     6 ||     6
   Stab: Sleeping          |    15 |    10 |     5 ||    30
 Armour: Robe              |     7 |    13 |    16 ||    36
         Leather armour    |       |     8 |     4 ||    12
  Dodge: Dodged            |    33 |   113 |    66 ||   212

Table legend: (Time is in decaauts)
 A = Elapsed time spent in this place.
 B = Non-inter-level travel time spent in this place.
 C = Inter-level travel time spent in this place.
 D = Time resting spent in this place.
 E = Time spent auto-exploring this place.
 F = Levels seen in this place.
 G = Mean time per level.
                   A        B        C        D        E       F      G
               +--------+--------+--------+--------+--------+-----+--------+
         Total |   6344 |   6128 |    216 |   1644 |   3074 |   7 |  906.3 |
       Dungeon |   6327 |   6111 |    216 |   1644 |   3074 |   6 | 1054.5 |
        Temple |     16 |     16 |      0 |      0 |      0 |   1 |   16.0 |
               +--------+--------+--------+--------+--------+-----+--------+

Top non-repeatable levels by time:
     D:4: 1995 daAuts
     D:3: 1373 daAuts
     D:1: 1087 daAuts
     D:2: 1065 daAuts
     D:5: 699 daAuts
     D:6: 107 daAuts
  Temple: 16 daAuts
